 Dungeon Crawl Stone Soup version 0.28.0-49-g6dfe1f597d (webtiles) character file.

Game seed: 16063736098805190711

38 Zeld the Caller (level 3, -1/26 HPs)
             Began as a Merfolk Summoner on May 17, 2022.
             Killed from afar by Natasha (7 damage)
             ... with a magic dart
             ... on level 2 of the Dungeon.
             The game lasted 00:03:03 (2700 turns).

Zeld the Caller (Merfolk Summoner)                  Turns: 2700, Time: 00:03:04

Health: -1/26      AC:  2    Str:  8    XL:     3   Next: 43%
Magic:  0/6        EV: 13    Int: 16    God:
Gold:   90         SH:  0    Dex: 14    Spells: 0/6 levels left

rFire   . . .      SeeInvis .   (no weapon)
rCold   . . .      Faith    .   (no shield)
rNeg    . . .      Spirit   .   a - +0 robe
rPois   .          Reflect  .   (no helmet)
rElec   .          Harm     .   (no cloak)
rCorr   .          Rampage  .   (no gloves)
Will    .....                   (no boots)
Stlth   ++........              (no amulet)
HPRegen 0.08/turn               (no ring)
MPRegen 0.10/turn               (no ring)

@: no status effects
A: (nimble swimmer 2), mertail
a: no special abilities


You were on level 2 of the Dungeon.
You visited 1 branch of the dungeon, and saw 2 of its levels.

You collected 90 gold pieces.

Inventory:

Armour
 a - a +0 robe (worn)
Jewellery
 b - an amulet of faith
Scrolls
 c - 2 scrolls of identify {unknown}
 d - a scroll of summoning {unknown}
 g - a scroll of enchant armour {unknown}
Potions
 e - a potion of lignification {unknown}
 f - 2 potions of curing {unknown}


   Skills:
 * Level 1.4 Fighting
 + Level 3.0 Dodging
 + Level 2.5 Stealth
 * Level 2.3 Spellcasting
 * Level 4.3 Summonings


You couldn't memorise any spells.
You knew the following spells:

 Your Spells              Type           Power      Damage    Failure   Level
a - Summon Small Mammal   Summ           60%        N/A       3%          1
b - Call Imp              Summ           15%        N/A       4%          2
c - Call Canine Familiar  Summ           15%        N/A       10%         3

Your spell library contained the following spells:

 Spells                   Type           Power      Damage    Failure   Level
 Summon Guardian Golem    Hex/Summ       8%         N/A       24%         3
 Blink                    Tloc           2%         N/A       30%         2
 Summon Lightning Spire   Summ/Air       8%         N/A       63%         4
 Manifold Assault         Tloc           1%         N/A       99%         5
 Storm Form               Tmut/Air       0%         N/A       100%        7


Dungeon Overview and Level Annotations

Branches:
Dungeon (2/15)

Altars:

Annotations:
D:2 Natasha


Innate Abilities, Weirdness & Mutations

((You are very nimble when in or above water. (Stealth+, EV+, Speed+++)))
Your lower body shifts to a powerful aquatic tail in water.


Message History

Natasha stares at you and mumbles some strange words.
The magic dart hits you.
Casting: Call Imp (safe; 4% risk of failure)
Confirm with . or Enter, or press ? or * to list all spells.
Natasha hisses.
Natasha stares at you and mumbles some strange words.
The magic dart hits you.
Casting: Summon Small Mammal (safe; 3% risk of failure)
Confirm with . or Enter, or press ? or * to list all spells.
Natasha casts a spell.
Unknown command.
Natasha stares at you and mumbles some strange words.
Your rat resists with significant effort.
Your bat hits the iron imp but does no damage. x2
Your crimson imp hits Natasha but does no damage.
What are your orders? t - Shout!
Orders for allies: a - Attack new target. r - Retreat! s - Stop attacking. g - Guard the area. f - Follow me.
Anything else - Cancel.
Gang up on whom?
Press: ? - help, Dir - move target, f - Natasha
Aim: Natasha (ally target) Attack!
Your bat hits Natasha but does no damage.
Your rat barely misses Natasha.
Natasha claws your rat!
Your rat dies!
Your rat's corpse disappears in a puff of smoke!
Your crimson imp blinks!
Natasha claws your bat. The iron imp hits you!
* * * LOW HITPOINT WARNING * * *
Your bat hits Natasha but does no damage.
Your crimson imp hits Natasha.
Your magical contamination has completely faded away.
Unknown command.
Your bat hits Natasha but does no damage.
Natasha stares at you and mumbles some strange words.
The magic dart hits you!
You die...

########## .........#
.###########.# ######
...<.......#.###....#
....................+
..#...#.##.#.###@...#
..###.#.##.#.# #.5..#
..# #.#.##.#.#
#.....# ..#
#....#.#.# #5....#
..###....#.#.#
#.hb..#
...##......#.#
#.....#
...###...###.#
#.....+
..†..'.......#
#.....#
...###...#####


You could see an iron imp (summoned), Natasha (ally target), a friendly crimson
imp (summoned) and a friendly bat (summoned).

Vanquished Creatures
  A dart slug (D:1)
  An endoplasm (D:1)
  3 hobgoblins (D:1)
  A jackal (D:2)
  A quokka (D:1)
  A ball python (D:1)
  A kobold (D:1)
9 creatures vanquished.

Vanquished Creatures (collateral kills)
  3 endoplasms
  A giant cockroach (D:1)
  4 hobgoblins
  3 jackals
  3 quokkas
  4 bats
  A frilled lizard (D:2)
  A kobold (D:2)
  A rat (D:1)
21 creatures vanquished.

Grand Total: 30 creatures vanquished

Notes
Turn   | Place    | Note
-------+----------+-------------------------------------------
     0 | D:1      | Zeld the Merfolk Summoner began the quest for the Orb.
     0 | D:1      | Reached XP level 1. HP: 13/13 MP: 3/3
   355 | D:1      | Reached XP level 2. HP: 18/20 MP: 0/5
   933 | D:1      | Reached skill level 1 in Fighting
  1743 | D:1      | Reached XP level 3. HP: 26/26 MP: 4/6
  1746 | D:1      | Learned a level 2 spell: Call Imp
  1750 | D:1      | Learned a level 3 spell: Call Canine Familiar
  2691 | D:2      | Noticed Natasha
  2700 | D:2      | Killed from afar by Natasha

Illustrated notes

Levels and vault maps discovered:
D:1:      minmay_arrival_solitary_statue, layout_basic
D:2:      layout_basic, uniq_natasha

Skill      XL: |  1  2 |
---------------+-------+-----
Fighting       | 1 |  1.4
Dodging        | 3 |  3.0
Stealth        | |  2.5
Spellcasting   | |  2.3
Summonings     | |  4.3

Action                   || total
-------------------------++-------
Melee: Unarmed           ||   134
       Punch             ||     4
 Cast: Summon Small Mamm ||    23
       Call Imp          ||    11
 Stab: Sleeping          ||     5
       Distracted        ||     1
Armor: Robe              ||    32
Dodge: Dodged            ||   112
